 Dungeon Crawl Stone Soup version 0.29.0-15-g675c0067aa (webtiles) character file.

Game seed: 5659126083601797445

192144 themarg the Devastator (level 18, -14/112 HPs)
             Began as a Tengu Conjurer on Sept 11, 2022.
             Was the Champion of Vehumet.
             Demolished by a water elemental (16 damage)
             ... led by a merfolk aquamancer
             ... on level 4 of the Shoals.
             The game lasted 04:04:38 (46226 turns).

themarg the Devastator (Tengu Conjurer)            Turns: 46226, Time: 04:04:39

Health: -14/112    AC:  7    Str: 10    XL:     18   Next: 22%
Magic:  36/48      EV: 23    Int: 26    God:    Vehumet [******]
Gold:   1714       SH:  8    Dex: 18    Spells: 6/49 levels left

rFire   . . .      SeeInvis .   b - staff of poison
rCold   + . .      Faith    .   t - +2 buckler
rNeg    . . .      Spirit   .   A - +1 robe {rC+}
rPois   +          Reflect  .   (helmet restricted)
rElec   .          Harm     .   R - +0 cloak
rCorr   .          Rampage  .   P - +2 pair of gloves
Will    +....                   (boots unavailable)
Stlth   +++.......              N - amulet "Imeose" {Regen+ Int+2 Dex+5}
HPRegen 1.08/turn               H - ring of magical power
MPRegen 0.31/turn               F - ring of wizardry

@: flying quickly and evasively, studying Throwing, quick
A: beak, talons 3, nimble flight
}: 1/15 runes: serpentine
a: Renounce Religion


You were on level 4 of the Shoals.
You worshipped Vehumet.
Vehumet was exalted by your worship.
You visited 6 branches of the dungeon, and saw 28 of its levels.
You also visited: Ossuary.

You collected 1804 gold pieces.
You spent 90 gold pieces at shops.

Inventory:

Missiles
 x - 8 atropa-tipped darts
 y - 8 datura-tipped darts
 B - 23 poisoned darts
 G - 6 curare-tipped darts
Armour
 t - a +2 buckler (worn)
 A - a +1 robe of cold resistance (worn)
 D - a +0 tower shield of protection
 O - a scarf of resistance
 P - a +2 pair of gloves (worn)
 R - a +0 cloak (worn)
 Z - a +1 hat
Magical Staves
 a - a staff of conjuration
 b - a staff of poison (weapon)
Jewellery
 j - a +4 ring of protection
 F - a ring of wizardry (right hand)
 H - a ring of magical power (left hand)
 M - a +6 ring of intelligence
 N - the amulet "Imeose" (around neck) {Regen+ Int+2 Dex+5}
   (You acquired it on level 3 of the Shoals)

   [amulet of regeneration]

   Int:       It affects your intelligence (+2).
   Dex:       It affects your dexterity (+5).
   Regen:     It increases your rate of health regeneration.
 U - a ring of willpower
Wands
 f - a wand of mindburst (23)
 i - a wand of paralysis (13)
 s - a wand of polymorph (7)
 J - a wand of iceblast (18)
 Q - a wand of flame (47)
 T - a wand of quicksilver (13)
 X - a wand of digging (7)
Scrolls
 e - 6 scrolls of magic mapping
 k - 4 scrolls of enchant weapon
 m - 8 scrolls of teleportation
 o - 3 scrolls of enchant armour
 q - 3 scrolls of fear
 u - 5 scrolls of amnesia
 w - 7 scrolls of fog
 z - 4 scrolls of blinking
 E - 2 scrolls of immolation
 K - 5 scrolls of poison
 S - 2 scrolls of summoning
Potions
 c - a potion of invisibility
 d - 9 potions of curing
 g - 3 potions of brilliance
 h - 6 potions of magic
 l - 2 potions of ambrosia
 n - 2 potions of berserk rage
 p - 5 potions of heal wounds
 r - 9 potions of mutation
 v - 6 potions of lignification
 I - 4 potions of haste
 L - 4 potions of cancellation
 V - a potion of resistance
 W - 2 potions of might
Miscellaneous
 C - a box of beasts
 Y - a lightning rod (4/4)


   Skills:
 + Level 11.9 Fighting
 - Level 5.0 Staves
 + Level 12.2 Dodging
 - Level 5.0 Stealth
 - Level 5.0 Shields
 + Level 16.0 Spellcasting
 - Level 20.0 Conjurations
 - Level 7.7 Hexes
 + Level 1.7 Summonings
 - Level 5.0 Translocations
 + Level 3.5 Transmutations
 - Level 7.2 Fire Magic
 + Level 5.4 Air Magic
 - Level 5.0 Evocations


You had 6 spell levels left.
You knew the following spells:

 Your Spells              Type           Power      Damage    Failure   Level
a - Magic Dart            Conj           100%       1d8       0%          1
b - Searing Ray           Conj           100%       2d8       0%          2
c - Fulminant Prism       Conj/Hex       37%        3d18      1%          4
d - Iskenderun's Mystic   Conj/Tloc      72%        2d15      1%          4
e - Hailstorm             Conj/Ice       64%        3d14      1%          4
f - Fireball              Conj/Fire      37%        3d15      1%          5
g - Iskenderun's Battles  Conj           90%        2d14      0%          5
h - Yara's Violent Unrav  Hex/Tmut       25%        3d11      1%          5
i - Spellforged Servitor  Conj/Summ      33%        N/A       3%          7
j - Conjure Ball Lightni  Conj/Air       36%        3x3d12    1%          6

Your spell library contained the following spells:

 Spells                   Type           Power      Damage    Failure   Level
 Shock                    Conj/Air       100%       1d9       0%          1
 Sting                    Tmut/Pois      100%       1d8       1%          1
 Poisonous Vapours        Pois/Air       100%       N/A       1%          2
 Static Discharge         Conj/Air       72%        3-12/arc  1%          2
 Sublimation of Blood     Necr           20%        N/A       1%          2
 Dazzling Flash           Conj/Hex       100%       N/A       1%          3
 Gell's Gravitas          Tloc           46%        N/A       1%          3
 Lesser Beckoning         Tloc           46%        N/A       1%          3
 Portal Projectile        Hex/Tloc       100%       N/A       1%          3
 Swiftness                Air            49%        N/A       1%          3
 Teleport Other           Tloc           46%        N/A       1%          3
 Tukima's Dance           Hex            57%        N/A       1%          3
 Airstrike                Air            24%        2d(4-20)  1%          4
 Sticky Flame             Conj/Fire      75%        2d9       1%          4
 Irradiate                Conj/Tmut      35%        3d23      1%          5
 Iron Shot                Conj/Erth      32%        9d7       1%          6
 Olgreb's Toxic Radiance  Pois           31%        N/A       3%          4
 Ozocubu's Armour         Ice            20%        N/A       4%          3
 Corpse Rot               Necr/Pois/Air  45%        N/A       6%          4
 Ice Form                 Ice/Tmut       30%        N/A       6%          4
 Petrify                  Tmut/Erth      30%        N/A       6%          4
 Metabolic Englaciation   Hex/Ice        20%        N/A       8%          5
 Animate Armour           Summ/Erth      50%        N/A       9%          4
 Blade Hands              Tmut           19%        N/A       9%          5
 Dispel Undead            Necr           20%        3d11      12%         4
 Statue Form              Tmut/Erth      20%        N/A       65%         6
 Death Channel            Necr           10%        N/A       86%         6
 Simulacrum               Ice/Necr       10%        N/A       86%         6


Dungeon Overview and Level Annotations

Branches:
Dungeon (13/15)            Temple (1/1) D:5            Lair (5/5) D:11
 Shoals (4/4) Lair:2        Snake (4/4) Lair:2        Slime (0/5) Lair:4
    Orc (1/2) D:9         Ossuary (visited)
 Vaults: D:13-14

Altars:
Ashenzari
Cheibriados
Dithmenos
Elyvilon
Fedhas
Gozag
Kikubaaqudgha
Makhleb
Nemelex Xobeh
Qazlal
Ru
Uskayaw
Vehumet
Xom
Yredelemnul
Zin
The Shining One
Jiyva

Shops:
D:1 [   Shoals:2 :   Shoals:4 !

Portals:
Hell: Lair:5

Annotations:
Orc:1 Jorgrun; Urug


Innate Abilities, Weirdness & Mutations

You have a beak for a mouth.
You have claws for feet.
Your magical nature lets you fly swiftly and evasively.


Message History

The blast of lightning engulfs the alligator snapping turtle!
The alligator snapping turtle is lightly wounded.
The blast of lightning engulfs the water elemental.
The water elemental resists.
The water elemental is lightly damaged.
The alligator snapping turtle misses you.
The merfolk javelineer throws a silver javelin.
The silver javelin completely misses you.
The water nymph gestures at you while chanting.
The water rises up and strikes you!!
* * * LOW HITPOINT WARNING * * *
Your ball lightning explodes!
The blast of lightning engulfs you!
* * * LOW HITPOINT WARNING * * *
The blast of lightning engulfs the merfolk aquamancer!
The merfolk aquamancer is moderately wounded.
The blast of lightning engulfs the plant!!
The plant begins to die.
The plant is lightly damaged.
The blast of lightning engulfs the alligator snapping turtle.
The alligator snapping turtle is lightly wounded.
You hear a shout!
You hear an angry hiss.
You hear a shout! x2
A merfolk comes into view. It is wielding a +0 trident.
There is a stone staircase leading up here.
Your spellforged servitor points at the merfolk aquamancer and mumbles some strange words.
The fireball explodes!
The fireball engulfs the merfolk aquamancer!!!
The merfolk aquamancer dies!
Vehumet accepts your kill.
You hear a splash. x2
The fireball engulfs the water elemental!!!
The water elemental is burned terribly!
The water elemental is destroyed!
Vehumet accepts your kill.
The merfolk throws a boomerang.
The boomerang hits you!
* * * LOW HITPOINT WARNING * * *
The alligator snapping turtle bites you from afar!
* * * LOW HITPOINT WARNING * * *
The water elemental hits you!
You die...

~~~~...~~~~~~~≈≈
P~m....∩.~~~~~~≈
~~~.E........~~≈
P............~~~
.....m......m.~~
~m.....E9.....~≈
~~..m.~E~....~~m
~~~~mmt~@....§~~
~~≈≈≈≈≈~~...§§~~
≈≈≈≈≈≈≈≈≈~~..§~~
~≈≈≈P~~~~~~~..~.
~P≈≈~PP~~~~~..~~
~~≈≈~~~~~......~
~~≈≈~..~~.!##...
~~~≈≈m..~~P. ..~


You could see an alligator snapping turtle, a merfolk javelineer, a merfolk
aquamancer, 5 merfolk, 3 water elementals, a merfolk siren, a water nymph and a
friendly spellforged servitor (summoned).

Vanquished Creatures
  A kraken (Shoals:3)
  Frances (D:12)
  Kirke (Lair:3)
  2 nagarajas
  The ghost of benadryl the Executioner, a journeyman MiBe of Trog (Lair:5)
  Aizul (Snake:1)
  Snorg (Lair:5)
  A merfolk impaler (Shoals:2)
  3 merfolk javelineers
  Fannar (D:12)
  Erolcha (D:12)
  4 hydras
  2 centaur warriors
  2 salamander tyrants
  17 anacondas
  4 death yaks (Lair:1)
  2 two-headed ogres
  3 naga warriors
  3 alligator snapping turtles
  A merfolk aquamancer (Shoals:3)
  2 satyrs (Shoals:3)
  7 shock serpents
  A sun demon (Lair:5)
  12 naga sharpshooters
  10 salamander mystics
  A skeletal warrior (D:13)
  5 sea snakes
  9 naga ritualists
  A wizard (Lair:5)
  2 lindwurms (Snake:4)
  12 harpies
  28 mana vipers
  An ugly thing (D:13)
  4 oklob plants (Lair:4)
  4 cyclopes
  4 manticores
  5 elephants (Lair:4)
  3 nameless horrors (Snake:4)
  15 salamanders
  20 fauns
  9 merfolk sirens
  3 water nymphs (Shoals:3)
  68 black mambas
  5 guardian serpents
  A gargoyle (D:12)
  8 naga magi
  11 cane toads
  6 rime drakes
  An unseen horror zombie (D:10)
  3 unseen horrors
  13 komodo dragons
  A hellwing (Lair:5)
  3 ice devils (Lair:5)
  3 red devils (Lair:5)
  2 trolls (D:11)
  16 merfolk
  4 polar bears
  6 wind drakes
  2 meliai (D:13)
  Prince Ribbit (D:5)
  13 blink frogs
  8 snapping turtles
  9 dream sheep
  A spriggan (Lair:2)
  2 wyverns
  The ghost of keekatzer the Ruffian, an amateur TrTm (D:4)
  6 water elementals
  2 wraiths (D:11)
  35 yaks
  4 basilisks
  2 steam dragons
  5 hogs
  A death yak simulacrum (Lair:5)
  5 vampire mosquitoes
  Eustachio (D:4)
  34 nagas
  A warg (D:9)
  13 water moccasins
  3 hell hounds (Lair:5)
  Duvessa (D:7)
  An acid dragon (D:11)
  2 hydra simulacra (Lair:5)
  A sky beast (D:6)
  An ice beast (D:6)
  5 orc warriors
  2 black bears
  3 wolves (Lair:2)
  3 black mamba simulacra (Lair:5)
  2 ogres
  A necrophage (D:7)
  3 kobold brigands
  8 bullfrogs
  An elf zombie (Ossuary)
  2 gnoll sergeants
  3 scorpions (D:4)
  5 wights (D:9)
  Dowan (D:7)
  15 killer bees
  2 vampire bats (Lair:2)
  4 howler monkeys
  4 electric eels
  A torpor snail simulacrum (Lair:5)
  4 centaur zombies
  4 orc priests
  6 hounds
  5 human zombies (Ossuary)
  A gnoll bouda (D:7)
  An iguana (D:6)
  8 orc wizards
  5 hell rats (Lair:4)
  2 mummies (Ossuary)
  A howler monkey zombie (D:4)
  7 adders
  25 gnolls
  A howler monkey skeleton (D:4)
  A shadow imp (D:7)
  2 white imps
  An ufetubus (D:5)
  An adder zombie (Ossuary)
  3 worms (D:2)
  A dart slug (D:1)
  48 orcs
  13 bats
  5 endoplasms
  4 giant cockroaches
  5 goblins
  6 hobgoblins
  18 jackals
  3 quokkas
  5 ball pythons
  8 hobgoblin zombies (Ossuary)
  A jackal zombie (Ossuary)
  16 kobolds
  9 kobold zombies (Ossuary)
  9 orc zombies (Ossuary)
  8 rats
  A rat zombie (Ossuary)
  A bush (Lair:5)
820 creatures vanquished.

Vanquished Creatures (collateral kills)
  5 naga warriors (Snake:4)
  A merfolk aquamancer (Shoals:4)
  4 naga sharpshooters (Snake:4)
  2 shock serpents (Snake:4)
  2 naga ritualists (Snake:4)
  2 lindwurms (Snake:4)
  3 mana vipers (Snake:4)
  3 black mambas (Snake:4)
  4 naga magi (Snake:4)
  3 guardian serpents (Snake:4)
  A water elemental (Shoals:4)
  8 nagas (Snake:4)
38 creatures vanquished.

Vanquished Creatures (others)
  2 nagas (Snake:3)
  An orc (Orc:1)
  28 ball lightnings
  76 fulminant prisms
  51 fungi
  132 plants
  4 tentacles (Shoals:3)
294 creatures vanquished.

Grand Total: 1152 creatures vanquished

Notes
Turn   | Place    | Note
-------+----------+-------------------------------------------
     0 | D:1      | themarg the Tengu Conjurer began the quest for the Orb.
     0 | D:1      | Reached XP level 1. HP: 10/10 MP: 4/4
   496 | D:1      | Found Xezihimu's Antique Armour Emporium.
   595 | D:1      | Reached XP level 2. HP: 15/15 MP: 1/6
   719 | D:1      | Learned a level 2 spell: Searing Ray
  1334 | D:2      | Reached XP level 3. HP: 19/19 MP: 3/7
  1382 | D:2      | Reached skill level 6 in Conjurations
  2075 | D:2      | Reached XP level 4. HP: 24/24 MP: 3/9
  2321 | D:2      | Found a faded altar of an unknown god.
  2508 | D:3      | Found a white marble altar of Elyvilon.
  2540 | D:3      | Identified the +2 robe of Classification {Fly rC++ Regen+
                  | Dex-5}
  3231 | D:3      | Gained mutation: Your magical nature lets you fly swiftly
                  | and evasively. [Tengu growth]
  3231 | D:3      | Reached XP level 5. HP: 28/28 MP: 5/10
  3418 | D:3      | Reached skill level 1 in Translocations
  3419 | D:3      | Reached skill level 1 in Hexes
  4141 | D:3      | Reached skill level 7 in Conjurations
  4174 | D:3      | Noticed a kobold brigand
  4201 | D:3      | Killed a kobold brigand
  4202 | D:3      | Reached XP level 6. HP: 5/32 MP: 6/12
  5133 | D:3      | Reached XP level 7. HP: 36/36 MP: 5/14
  5409 | D:4      | Noticed Eustachio
  5485 | D:4      | Found a runed translucent gate.
  5485 | D:4      | Found a runed translucent gate.
  5486 | D:4      | Found a runed translucent gate.
  5487 | D:4      | Noticed keekatzer's ghost (amateur TrTm)
  5818 | D:4      | Killed Eustachio
  5819 | D:4      | Reached skill level 8 in Conjurations
  6048 | D:4      | Found Zin's Purification Station.
  6051 | D:4      | Found a glowing silver altar of Zin.
  6057 | D:4      | Bought a potion of curing for 90 gold pieces
  6146 | D:4      | Reached XP level 8. HP: 5/41 MP: 6/16
  6360 | D:4      | Reached skill level 5 in Spellcasting
  6449 | D:4      | Reached skill level 9 in Conjurations
  6764 | D:5      | Entered Level 5 of the Dungeon
  6771 | D:5      | Found a staircase to the Ecumenical Temple.
  6780 | Temple   | Entered the Ecumenical Temple
  6787 | Temple   | Became a worshipper of Vehumet
  6804 | D:5      | Noticed Prince Ribbit
  6830 | D:5      | Learned a level 4 spell: Iskenderun's Mystic Blast
  6835 | D:5      | Learned a level 4 spell: Fulminant Prism
  7350 | D:5      | Reached skill level 10 in Conjurations
  7350 | D:5      | Reached skill level 1 in Fighting
  7724 | D:5      | Killed Prince Ribbit
  7797 | D:5      | Found a sacrificial altar of Ru.
  8171 | D:6      | Reached XP level 9. HP: 52/52 MP: 10/17
  8264 | D:6      | Reached skill level 5 in Dodging
  8364 | D:6      | Found a shimmering altar of Xom.
  8386 | D:6      | Reached skill level 1 in Air Magic
  8532 | D:6      | Found a blossoming altar of Fedhas.
  9151 | D:7      | Reached skill level 5 in Fighting
  9172 | D:7      | Found a sand-covered staircase.
  9176 | Ossuary  | Entered an ossuary
  9186 | Ossuary  | Reached * piety under Vehumet
  9186 | Ossuary  | Offered knowledge of Foxfire by Vehumet.
  9425 | Ossuary  | Offered knowledge of Static Discharge by Vehumet.
  9540 | Ossuary  | Reached ** piety under Vehumet
 10271 | D:7      | Noticed Duvessa
 10273 | D:7      | Noticed Dowan
 10474 | D:7      | Killed Duvessa
 10644 | D:7      | Killed Dowan
 11014 | D:8      | Reached skill level 5 in Air Magic
 11227 | D:8      | Reached XP level 10. HP: 60/60 MP: 11/19
 11864 | D:8      | Noticed a manticore
 11866 | D:8      | Offered knowledge of Conjure Flame by Vehumet.
 11894 | D:8      | Killed a manticore
 12516 | D:9      | Reached skill level 1 in Shields
 12865 | D:9      | Found a staircase to the Orcish Mines.
 12870 | D:9      | Reached *** piety under Vehumet
 13019 | D:9      | Found a sparkling altar of Nemelex Xobeh.
 13029 | D:9      | Found a hide-covered altar of Uskayaw.
 13073 | D:9      | Noticed a two-headed ogre
 13093 | D:9      | Killed a two-headed ogre
 13360 | D:9      | Found a glowing golden altar of the Shining One.
 13546 | D:10     | Entered Level 10 of the Dungeon
 13959 | D:10     | Reached skill level 5 in Shields
 13959 | D:10     | Reached XP level 11. HP: 67/67 MP: 17/24
 14012 | D:10     | Offered knowledge of Hailstorm by Vehumet.
 14018 | D:10     | Learned a level 4 spell: Hailstorm
 14363 | D:10     | Found a basalt altar of Yredelemnul.
 14499 | D:10     | Reached skill level 11 in Conjurations
 15212 | D:11     | Reached **** piety under Vehumet
 15558 | D:11     | Noticed a cyclops
 15566 | D:11     | Killed a cyclops
 15798 | D:11     | Found a staircase to the Lair.
 15903 | D:11     | Identified the +0 scale mail "Gilamuz" {rPois rC+}
 15926 | D:11     | Noticed a cyclops
 15942 | D:11     | Killed a cyclops
 15943 | D:11     | Reached skill level 12 in Conjurations
 16467 | D:11     | Offered knowledge of Fireball by Vehumet.
 16474 | D:11     | Learned a level 5 spell: Fireball
 16653 | Lair:1   | Entered Level 1 of the Lair of Beasts
 17099 | Lair:1   | Noticed a six-headed hydra
 17147 | Lair:1   | Killed a six-headed hydra
 17148 | Lair:1   | Reached skill level 10 in Spellcasting
 17148 | Lair:1   | Reached skill level 13 in Conjurations
 17355 | Lair:1   | Reached XP level 12. HP: 72/72 MP: 4/27
 17706 | Lair:1   | Reached skill level 1 in Fire Magic
 18094 | Lair:1   | Noticed a death yak
 18095 | Lair:1   | Noticed a death yak
 18095 | Lair:1   | Noticed a death yak
 18101 | Lair:1   | Noticed a death yak
 18196 | Lair:1   | Reached skill level 14 in Conjurations
 18210 | Lair:1   | Killed a death yak
 18237 | Lair:1   | Killed a death yak
 18316 | Lair:1   | Killed a death yak
 18316 | Lair:1   | Killed a death yak
 19353 | Lair:2   | Reached skill level 5 in Translocations
 19398 | Lair:2   | Found a staircase to the Snake Pit.
 19552 | Lair:2   | Reached skill level 5 in Fire Magic
 19677 | Lair:2   | Reached skill level 15 in Conjurations
 19677 | Lair:2   | Reached ***** piety under Vehumet
 19819 | Lair:2   | Found a staircase to the Shoals.
 19820 | Lair:2   | Noticed an eight-headed hydra
 19845 | Lair:2   | Offered knowledge of Iskenderun's Battlesphere by Vehumet.
 19854 | Lair:1   | Learned a level 5 spell: Iskenderun's Battlesphere
 19940 | Lair:2   | Killed an eight-headed hydra
 20888 | Lair:3   | Noticed Kirke
 20889 | Lair:3   | Reached XP level 13. HP: 76/76 MP: 17/28
 20901 | Lair:3   | Reached skill level 5 in Hexes
 21781 | Lair:3   | Killed Kirke
 23159 | Lair:4   | Reached skill level 1 in Staves
 23874 | Lair:4   | Found a viscous altar of Jiyva.
 24091 | Orc:1    | Entered Level 1 of the Orcish Mines
 24091 | Orc:1    | Noticed Jorgrun
 24207 | D:4      | Killed keekatzer's ghost
 24891 | D:12     | Noticed Frances
 24897 | D:12     | Noticed Fannar
 24899 | D:12     | Killed Frances
 25109 | D:12     | Noticed Erolcha
 25115 | D:12     | Killed Erolcha
 25197 | D:12     | Found a sparkling altar of Nemelex Xobeh.
 25355 | D:12     | Killed Fannar
 25678 | D:13     | Found an ancient bone altar of Kikubaaqudgha.
 26001 | Lair:5   | Entered Level 5 of the Lair of Beasts
 26001 | Lair:5   | Found a runed translucent gate.
 26003 | Lair:5   | Found a runed translucent gate.
 26093 | Lair:5   | Found a runed translucent gate.
 26136 | Lair:5   | Reached XP level 14. HP: 84/84 MP: 29/29
 26271 | Lair:5   | Identified the +7 long sword "Muamoram" {freeze, Str+6}
 26535 | Lair:5   | Noticed a dire elephant
 26781 | Lair:5   | Found a sparkling altar of Nemelex Xobeh.
 26831 | Lair:5   | Noticed benadryl's ghost (journeyman MiBe)
 26989 | Lair:5   | Noticed Snorg
 26993 | Lair:5   | Killed Snorg
 27122 | Lair:5   | Offered knowledge of Yara's Violent Unravelling by Vehumet.
 27129 | Lair:5   | Learned a level 5 spell: Yara's Violent Unravelling
 27368 | Lair:5   | Reached skill level 5 in Staves
 27977 | Lair:5   | Found a burning altar of Makhleb.
 27982 | Lair:5   | Found a gateway to Hell.
 28197 | Shoals:1 | Entered Level 1 of the Shoals
 28338 | Shoals:1 | Reached skill level 16 in Conjurations
 30620 | Shoals:2 | Reached XP level 15. HP: 89/89 MP: 13/32
 31330 | Shoals:2 | Found Dalaclex's Self-Improvement Boutique.
 31337 | Shoals:2 | Reached skill level 17 in Conjurations
 31887 | Shoals:3 | Offered knowledge of Eringya's Noxious Bog by Vehumet.
 34310 | Shoals:3 | Identified a scroll of acquirement
 34311 | Shoals:3 | Acquired the amulet "Imeose" {Regen+ Int+2 Dex+5}
 34713 | Shoals:3 | Noticed a kraken
 34728 | Shoals:3 | Killed a kraken
 34838 | Shoals:3 | Reached skill level 18 in Conjurations
 35260 | Orc:1    | Noticed Urug
 35590 | Lair:4   | Found a staircase to the Slime Pits.
 35742 | Lair:5   | Killed benadryl's ghost
 36129 | Snake:1  | Entered Level 1 of the Snake Pit
 36335 | Snake:1  | Noticed Aizul
 36342 | Snake:1  | Killed Aizul
 36497 | Snake:1  | Reached XP level 16. HP: 95/95 MP: 35/35
 36910 | Snake:1  | Offered knowledge of Lee's Rapid Deconstruction by Vehumet.
 37479 | Snake:1  | Reached skill level 15 in Spellcasting
 37892 | Snake:1  | Reached skill level 19 in Conjurations
 38634 | Snake:2  | Reached skill level 20 in Conjurations
 38697 | Snake:2  | Noticed a nagaraja
 38705 | Snake:2  | Killed a nagaraja
 38866 | Snake:2  | Reached skill level 10 in Dodging
 39308 | Snake:2  | Reached skill level 10 in Fighting
 39650 | Snake:3  | Reached skill level 1 in Evocations
 40095 | Snake:3  | Reached XP level 17. HP: 90/103 MP: 24/37
 41698 | Snake:4  | Entered Level 4 of the Snake Pit
 41720 | Snake:4  | Offered knowledge of Spellforged Servitor by Vehumet.
 41881 | Snake:4  | Learned a level 7 spell: Spellforged Servitor
 42852 | Snake:4  | Reached skill level 1 in Transmutations
 42868 | Snake:4  | Reached skill level 5 in Stealth
 43270 | Snake:4  | Reached skill level 5 in Evocations
 44405 | Snake:4  | Reached ****** piety under Vehumet
 44748 | Snake:4  | Offered knowledge of Conjure Ball Lightning by Vehumet.
 44749 | Snake:4  | Reached XP level 18. HP: 98/110 MP: 20/38
 44756 | Snake:4  | Learned a level 6 spell: Conjure Ball Lightning
 45451 | Snake:4  | Reached skill level 1 in Summonings
 45871 | Snake:4  | Got a serpentine rune of Zot
 46222 | Shoals:4 | Entered Level 4 of the Shoals
 46222 | Shoals:4 | Found Azxuekh's Distillery.
 46226 | Shoals:4 | HP: 2/112 [alligator snapping turtle (8)]
 46226 | Shoals:4 | Demolished by a water elemental

Illustrated notes

Levels and vault maps discovered:
D:1:      dpeg_arrival_arbitrary_c, layout_basic, serial_shops, shop
D:2:      layout_loops_cross, shapermc_ecumenical_altar_mp_ritualfount
D:3:      lemuel_castle_with_subvaults [lemuel_castle_interior_carwin_2],
          layout_basic, mainiacjoe_overflow_concentric_impassable,
          dk_noncrumbling_3, minmay_distorted
D:4:      layout_cave_pools, zin_purify, gammafunk_ghost_necromancy,
          roderic_lattice_a, minmay_manual_monstrance, uniq_eustachio
D:5:      layout_basic, amcnicky_altar_gilded, minmay_temple_entry_mist,
          uniq_prince_ribbit1
D:6:      layout_loops_corners, mainiacjoe_overflow_boulevard,
          nicolae_overflow_crystal_walls, amcnicky_mini_pool_small
D:7:      layout_cave_pools, lightli_ossuary_entry_decrepit_ruins,
          enter_bailey_2, uniq_duvessa
D:8:      layout_loops_cross
D:9:      layout_basic, tso_altar, amethyst_overflow_temple_binary, david_orc_2
D:10:     layout_irregular_city, lemuel_zombie_altar_yredelemnul
D:11:     layout_small_grid, david_lair_shrubbed, serial_bayou,
          serial_bayou_pond_d, serial_bayou_pond_b, serial_bayou_shore_a,
          serial_bayou_pond_d, serial_bayou_pond_c
D:12:     layout_irregular_city, serial_rivers, chequers_serial_rivers_micro_e,
          chequers_serial_rivers_marsh, chequers_serial_rivers_small_3,
          chequers_serial_rivers_marsh, chequers_serial_rivers_marsh,
          nemelex_altar_shiori, uniq_frances, uniq_fannar, uniq_erolcha
D:13:     layout_cross, nicolae_kikubaaqudgha_miasma_corner
Temple:   cyrus_circular_temple
Lair:1:   layout_regular_city, lemuel_fruit_tree
Lair:2:   layout_regular_city, elwin_shoals_entry_stream,
          guppyfry_snake_entry_garden, roderic_batcave,
          dreamdust_mushroom_princess, grunt_forest_stairs_clearing
Lair:3:   layout_chaotic_city, uniq_kirke
Lair:4:   layout_cave_pods, minmay_slime_entry_oklob_enclosed,
          serial_bayou_shore_b
Lair:5:   evil_forest, layout_small_grid, basic_altar, gammafunk_ghost_icy,
          lemuel_fruit_fields, serial_bayou_shore_b, uniq_snorg
Shoals:1: layout_shoals, ldierk_geyser
Shoals:2: layout_shoals, nicolae_shop_self_help
Shoals:3: layout_shoals
Shoals:4: shoals_end_hangedman, layout_shoals, shoals_ilsuiw_alternative,
          serial_shops, shop
Snake:1:  cheibrodos_forgotten_conduit, layout_layer_cave, uniq_aizul
Snake:2:  layout_onion_interference, drop_trap, hangedman_venom_bottle,
          nicolae_integral_box
Snake:3:  layout_grid_maze, nicolae_snake_coiling_death
Snake:4:  snake_pit_salamanders_mu, layout_cave_town, grunt_megastairs_1
Orc:1:    layout_caves, uniq_urug, uniq_jorgrun

Skill      XL: |  1  2  3  4  5  6  7  8  9 10 11 12 13 14 15 16 17 18 |
---------------+-------------------------------------------------------+-----
Conjurations   | 6 7 8 10 13 15 16 18 20 | 20.0
Spellcasting   | 3 4 5 8 10 12 14 15 16 | 16.0
Translocations | 1 2 3 5 |  5.0
Hexes          | 1 2 4 7 |  7.7
Fighting       | 4 6 7 8 10 11 | 11.9
Dodging        | 4 6 7 8 9 10 11 12 | 12.2
Air Magic      | 5 |  5.4
Shields        | 5 |  5.0
Fire Magic     | 5 6 7 |  7.2
Staves         | 4 5 |  5.0
Evocations     | 2 5 |  5.0
Stealth        | 5 |  5.0
Transmutations | 2 3 |  3.5
Summonings     | 1 |  1.7

Action                   |  1- 3 |  4- 6 |  7- 9 | 10-12 | 13-15 | 16-18 || total
-------------------------+-------+-------+-------+-------+-------+-------++-------
Melee: Hand axe          |     5 |    15 |    53 |       |       |       ||    73
       Kick              |     2 |       |    19 |       |       |     1 ||    22
       Peck              |     1 |       |     9 |       |       |     1 ||    11
       Staff             |       |       |       |     2 |     1 |     2 ||     5
 Cast: Magic Dart        |    46 |    74 |    94 |    69 |    99 |   161 ||   543
       Searing Ray       |     9 |    27 |    52 |    29 |       |     2 ||   119
       Fulminant Prism   |       |       |    20 |    54 |     3 |       ||    77
       Iskenderun's Myst |       |       |    19 |   102 |   141 |   202 ||   464
       Fireball          |       |       |       |    58 |   220 |   112 ||   390
       Hailstorm         |       |       |       |     6 |     6 |     9 ||    21
       Iskenderun's Batt |       |       |       |     4 |    93 |    61 ||   158
       Yara's Violent Un |       |       |       |       |       |    10 ||    10
       Spellforged Servi |       |       |       |       |       |    23 ||    23
       Conjure Ball Ligh |       |       |       |       |       |    11 ||    11
Evoke: Wand              |       |       |       |     3 |     6 |     1 ||    10
  Use: Potion            |       |     1 |     3 |       |     8 |       ||    12
       Scroll            |       |       |    10 |     5 |    12 |     2 ||    29
Armor: Robe              |     3 |     2 |     5 |     4 |     4 |     8 ||    26
Dodge: Dodged            |     7 |    18 |   125 |    66 |    80 |    85 ||   381
Block: Buckler           |       |       |       |       |    33 |    26 ||    59
